 Dungeon Crawl Stone Soup version 0.30.1-11-g7821555f0a (webtiles) character file.

Game seed: 13491877001669551869

284 KittyFluff the Cudgeller (level 6, 0/38 HPs)
             Began as a Gargoyle Berserker on Nov 3, 2023.
             Was a Priest of Trog.
             Slain by Duvessa
             ... wielding a +0 rapier
              (9 damage)
             ... on level 4 of the Dungeon.
             The game lasted 00:11:00 (3013 turns).

KittyFluff the Cudgeller (Gargoyle Berserker)       Turns: 3013, Time: 00:11:00

Health: 0/38       AC: 11    Str: 22    XL:     6   Next: 29%
Magic:  6/6        EV: 14    Int:  8    God:    Trog [***...]
Gold:   163        SH:  0    Dex:  9    Spells: 5/5 levels left

rFire   . . .        a - +0 mace
rCold   . . .        (no shield)
rNeg    + . .        h - +0 leather armour
rPois   ∞            y - +1 helmet
rElec   +            p - +0 cloak
rCorr   .            (no gloves)
SInv    +            (no boots)
Will    .....        (no amulet)
Stlth   +            g - ring of see invisible
HPRegen 0.26/turn    m - +5 ring of evasion
MPRegen 0.10/turn

%: no passive effects
@: grasped by roots, constricted
A: sickness immunity, AC +4, negative energy resistance 1, electricity
resistance, torment resistance 1, petrification resistance
a: Renounce Religion, Berserk, Trog's Hand


You were on level 4 of the Dungeon.
You worshipped Trog.
Trog was most pleased with you.
You visited 1 branch of the dungeon, and saw 4 of its levels.

You collected 163 gold pieces.

Inventory:

Hand Weapons
 a - a +0 mace (weapon)
 b - a +0 sling
Missiles
 d - 7 poisoned darts (quivered)
 v - 6 boomerangs
Armour
 h - a +0 leather armour (worn)
 p - a +0 cloak (worn)
 y - a +1 helmet (worn)
 z - the +0 ring mail of Evolution {Drain rN++ Regen+ MP+9}
   (You found it on level 4 of the Dungeon)

   rN:        It greatly protects you from negative energy.
   MP:        It affects your magic capacity (+9).
   Regen:     It increases your rate of health regeneration.
   Drain:     It drains your maximum health when unequipped.
Jewellery
 g - a ring of see invisible (left hand)
 m - a +5 ring of evasion (right hand)
Wands
 x - a wand of roots (8)
Scrolls
 c - 3 scrolls of teleportation {unknown}
 l - a scroll of enchant weapon {unknown}
 n - a scroll of amnesia {unknown}
 q - a scroll of blinking {unknown}
 r - a scroll of magic mapping {unknown}
 s - a scroll of vulnerability {unknown}
 u - a scroll of identify {unknown}
Potions
 e - a potion of lignification {unknown}
 f - a potion of ambrosia {unknown}
 i - a potion of cancellation {unknown}
 j - a potion of haste {unknown}
 k - a potion of berserk rage {unknown}
 t - a potion of heal wounds {unknown}
 w - a potion of degeneration {unknown}


   Skills:
 + Level 4.2 Fighting
 * Level 4.6 Maces & Flails
 * Level 4.3 Armour
 + Level 2.5 Dodging


You had 5 spell levels left.
You didn't know any spells.
Your spell library was empty.

Dungeon Overview and Level Annotations

Branches:
Dungeon (4/15)
 Temple: D:4-7

Altars:
Cheibriados
Nemelex Xobeh

Shops:
D:3 (

Annotations:
D:4 Dowan, Duvessa


Innate Abilities, Weirdness & Mutations

You are immune to sickness and miasma.
Your stone body is resilient. (AC +4)
You are immune to poison.
You resist negative energy. (rN+)
You are resistant to electric shocks. (rElec)
You are resistant to unholy torment.
You are immune to petrification.


Message History

You closely miss Dowan. Dowan hits you but does no damage. x2
You sock Dowan!
Dowan is heavily wounded.
Dowan hits you but does no damage.
You hit Dowan.
Dowan is severely wounded.
Dowan barely misses you.
You barely miss Dowan.
Dowan is severely wounded.
Dowan hits you with a +0 dagger.
Duvessa zaps a wand.
The roots erupt in riotous growth!
Dowan is unaffected.
Duvessa is unaffected.
The goblin is unaffected.
The grasping roots grab you! The grasping roots constrict you.
You closely miss Dowan.
Dowan is severely wounded.
Dowan hits you but does no damage. The grasping roots constrict you.
You closely miss Dowan.
Dowan is severely wounded.
Dowan hits you with a +0 dagger. The grasping roots constrict you.
You hit Duvessa but do no damage. Duvessa closely misses you.
The grasping roots constrict you.
The grasping roots release their grip on you.
You hit Duvessa but do no damage. Duvessa hits you but does no damage.
You barely miss Duvessa. Duvessa hits you with a +0 rapier.
You hit Duvessa but do no damage. Duvessa barely misses you.
You hit Duvessa but do no damage. Duvessa misses you.
You hit Duvessa.
Duvessa is lightly wounded.
Duvessa hits you but does no damage.
Duvessa zaps a wand.
The roots erupt in riotous growth!
The grasping roots grab you!
Duvessa is unaffected.
The grasping roots constrict you.
You hit Duvessa.
Duvessa is lightly wounded.
Duvessa hits you with a +0 rapier. The grasping roots constrict you.
* * * LOW HITPOINT WARNING * * *
It was a potion of magic.
Magic courses through your body. Duvessa hits you with a +0 rapier!
You die...

......... .. .........
# ..# ......... .##.##
#......# ......
#......# #....
.#.##......# ...
.#........e##.#
##.#####....ge@.#
.............########
#......##............#
##......#.............#
#.......#..###........#
.....##.#..# #........#
#)#...#.#..###........#
...#........##........#
...#...>###.##........#


You could see Duvessa, Dowan and a goblin.

Vanquished Creatures
  An ogre (D:4)
  A hound (D:4)
  A sleepcap (D:4)
  An iguana (D:4)
  Robin (D:4)
  2 adders
  4 dart slugs
  2 orcs
  10 ball pythons
  9 endoplasms
  5 giant cockroaches
  10 goblins
  7 hobgoblins
  A quokka (D:2)
  5 bats
  7 frilled lizards
  6 kobolds
  6 rats
79 creatures vanquished.

Notes
Turn   | Place    | Note
-------+----------+-------------------------------------------
     0 | D:1      | KittyFluff the Gargoyle Berserker began the quest for the
                  | Orb.
     0 | D:1      | Reached XP level 1. HP: 14/14 MP: 1/1
   111 | D:1      | Reached XP level 2. HP: 19/19 MP: 2/2
   616 | D:1      | Reached XP level 3. HP: 23/23 MP: 3/3
   723 | D:1      | Reached ** piety under Trog
  1636 | D:2      | Reached XP level 4. HP: 21/29 MP: 4/4
  2120 | D:3      | Reached *** piety under Trog
  2149 | D:3      | Found a snail-covered altar of Cheibriados.
  2229 | D:3      | Found Lulae's Antique Weapon Shoppe.
  2344 | D:3      | Found a sparkling altar of Nemelex Xobeh.
  2430 | D:4      | Noticed an ogre
  2444 | D:4      | Killed an ogre
  2445 | D:4      | Reached XP level 5. HP: 18/33 MP: 5/5
  2691 | D:4      | Reached XP level 6. HP: 35/38 MP: 6/6
  2826 | D:4      | Noticed Robin
  2847 | D:4      | Killed Robin
  2976 | D:4      | Identified the +0 ring mail of Evolution {Drain rN++ Regen+
                  | MP+9}
  2993 | D:4      | Noticed Dowan
  2993 | D:4      | Noticed Duvessa
  3013 | D:4      | Slain by Duvessa

Illustrated notes

Levels and vault maps discovered:
D:1:      ncdulo_halloftheorcs, layout_loops_corners
D:2:      layout_basic
D:3:      layout_loops_ring, cheibriados_altar_1, old_standard_altar,
          serial_shops, nicolae_shop_dealshenge
D:4:      layout_basic, uniq_crazy_yiuf_cottage, uniq_duvessa, uniq_robin

Skill      XL: |  1  2  3  4  5 |
---------------+----------------+-----
Armour         | 3 4 |  4.3
Dodging        | 2 |  2.5
Fighting       | 4 |  4.2
Maces & Flails | 4 |  4.6

Action                     |  1- 3 |  4- 6 || total
---------------------------+-------+-------++-------
  Melee: Mace              |   127 |   141 ||   268
         Punch             |       |     1 ||     1
 Invoke: Berserk           |       |     2 ||     2
    Use: Potion            |       |     1 ||     1
 Armour: Animal skin       |    12 |       ||    12
         Leather armour    |    53 |    43 ||    96
  Dodge: Dodged            |    88 |   111 ||   199
